 Dungeon Crawl Stone Soup version 0.29.1-1-gd02db6906a (webtiles) character file.

Game seed: 16555544866485902998

112 lonewolfV2 the Magician (level 4, -1/24 HPs)
             Began as a Deep Elf Fire Elementalist on Oct 17, 2022.
             Slain by a lemure (2 damage)
             ... led by Pikel
             ... on level 4 of the Dungeon.
             The game lasted 00:09:54 (3749 turns).

lonewolfV2 the Magician (DEFE)                      Turns: 3749, Time: 00:09:54

Health: -1/24      AC:  2    Str:  5    XL:     4   Next: 63%
Magic:  2/12       EV: 14    Int: 22    God:
Gold:   118        SH:  0    Dex: 21    Spells: 1/11 levels left

rFire   + . .      SeeInvis .   (no weapon)
rCold   x . .      Faith    .   (no shield)
rNeg    . . .      Spirit   .   a - +0 robe
rPois   .          Reflect  .   (no helmet)
rElec   .          Harm     .   (no cloak)
rCorr   .          Rampage  .   (no gloves)
Will    .....                   (no boots)
Stlth   +++.......              (no amulet)
HPRegen 0.08/turn               f - +6 ring of dexterity
MPRegen 0.13/turn               d - ring of fire

@: no status effects
A: no striking features
a: no special abilities


You were on level 4 of the Dungeon.
You visited 1 branch of the dungeon, and saw 4 of its levels.

You collected 118 gold pieces.

Inventory:

Armour
 a - a +0 robe (worn)
Jewellery
 d - a ring of fire (right hand)
 f - a +6 ring of dexterity (left hand)
 g - a ring of wizardry
Scrolls
 c - a scroll of enchant weapon
 i - 2 scrolls of teleportation
Potions
 b - a potion of magic
 e - 2 potions of might
 h - a potion of flight {unknown}


   Skills:
 + Level 3.2 Dodging
 + Level 3.3 Stealth
 * Level 4.4 Spellcasting
 + Level 1.9 Conjurations
 * Level 4.1 Fire Magic


You had one spell level left.
You knew the following spells:

 Your Spells              Type           Power      Damage    Failure   Level
a - Foxfire               Conj/Fire      100%       2x1d9     3%          1
b - Scorch                Fire           68%        2d8       3%          2
c - Flame Wave            Conj/Fire      27%        2d9       30%         4
d - Inner Flame           Hex/Fire       21%        N/A       14%         3

Your spell library contained the following spells:

 Spells                   Type           Power      Damage    Failure   Level
 Beastly Appendage        Tmut           8%         N/A       11%         1
 Sandblast                Erth           8%         2d5       11%         1
 Slow                     Hex            16%        N/A       11%         1
 Conjure Flame            Conj/Fire      27%        6-21      10%         3
 Passwall                 Tmut/Erth      3%         N/A       16%         2
 Wereblood                Tmut           4%         N/A       16%         2
 Stone Arrow              Conj/Erth      18%        3d8       22%         3
 Confusing Touch          Hex            4%         N/A       32%         3
 Spider Form              Tmut/Pois      4%         N/A       32%         3
 Vampiric Draining        Necr           4%         2d6       32%         3
 Corpse Rot               Necr/Pois/Air  4%         N/A       71%         4
 Dispel Undead            Necr           4%         3d7       71%         4
 Death Channel            Necr           2%         N/A       100%        6


Dungeon Overview and Level Annotations

Branches:
Dungeon (4/15)
 Temple: D:4-7

Altars:

Shops:
D:4 ?

Annotations:
D:3 3 runed translucent doors, Vexal's ghost, amateur OpBe


Message History

The spell is astonishingly dangerous to miscast (30% risk of failure)!
Continue anyway?
Casting: Flame Wave (astonishingly dangerous; 30% risk of failure)
Press: ? - help, Dir - look around, f - activate You feel a surge of power!
You miscast Flame Wave.
There is a sudden and violent explosion of flames.
You resist.
* * * LOW HITPOINT WARNING * * *
The lemure closely misses you.
You feel better. The lemure hits you.
Okay, then.
Casting: Flame Wave (astonishingly dangerous; 30% risk of failure)
Confirm with . or Enter, or press ? or * to list all spells.
You feel a surge of power!
You conjure some foxfire!
The lemure barely misses you.
The foxfire hits the lemure.
The lemure is lightly wounded.
The foxfire hits the lemure.
The lemure is moderately wounded.
Casting: Foxfire (safe; 3% risk of failure)
Confirm with . or Enter, or press ? or * to list all spells.
You don't have enough magic to cast this spell.
A worm comes into view.
The lemure completely misses you.
Casting: Foxfire (safe; 3% risk of failure)
Confirm with . or Enter, or press ? or * to list all spells.
You don't have enough magic to cast this spell.
The lemure attacks as you move away! The lemure barely misses you.
The lemure misses you. The lemure attacks as you move away!
The lemure barely misses you. The lemure attacks as you move away!
The lemure barely misses you.
A gnoll comes into view. It is wielding a +0 flail.
The lemure attacks as you move away! The lemure closely misses you.
The gnoll shouts!
You hear a shout!
Found an escape hatch in the floor.
The lemure hits you!
* * * LOW HITPOINT WARNING * * *
Your magical contamination has completely faded away.
The lemure misses you. The lemure attacks as you move away!
The lemure hits you.
You die...

......#...............
###
#######....†).)......
####...........#..
.........†(....##.
.......w.)......#
........†.......#
.###...........##
#....5......#
#...g.@....##
#........###
#........# #####
#####....# #....
#....# #.... ....>#
#.... .....# #....
......# #.... #....


You could see a lemure, a worm and a gnoll.

Vanquished Creatures
  Jessica (D:2)
  2 adders
  2 worms (D:2)
  A dart slug (D:2)
  3 orcs (D:4)
  9 ball pythons
  4 endoplasms
  4 giant cockroaches
  3 goblins
  2 hobgoblins
  3 jackals (D:4)
  2 quokkas
  6 bats
  A frilled lizard (D:1)
  6 kobolds
  8 rats
57 creatures vanquished.

Vanquished Creatures (others)
  135 foxfires
135 creatures vanquished.

Grand Total: 192 creatures vanquished

Notes
Turn   | Place    | Note
-------+----------+-------------------------------------------
     0 | D:1      | lonewolfV2 the Deep Elf Fire Elementalist began the quest
                  | for the Orb.
     0 | D:1      | Reached XP level 1. HP: 10/10 MP: 6/6
   189 | D:1      | Reached XP level 2. HP: 15/15 MP: 6/8
   240 | D:1      | Found a faded altar of an unknown god.
  1351 | D:2      | Reached XP level 3. HP: 3/19 MP: 0/10
  1857 | D:2      | Learned a level 2 spell: Scorch
  1955 | D:2      | Noticed Jessica
  1958 | D:2      | Killed Jessica
  2360 | D:2      | Reached XP level 4. HP: 20/24 MP: 7/12
  2482 | D:2      | Learned a level 4 spell: Flame Wave
  3062 | D:3      | Found a runed translucent gate.
  3062 | D:3      | Found a runed translucent gate.
  3062 | D:3      | Found a runed translucent gate.
  3077 | D:3      | Noticed Vexal's ghost (amateur OpBe)
  3082 | D:3      | Noticed a black bear
  3086 | D:3      | You fall into a shaft and drop 1 floor!
  3086 | D:4      | Found Ytaoxas's Magic Scroll Emporium.
  3455 | D:4      | Learned a level 3 spell: Inner Flame
  3719 | D:4      | Noticed a lemure
  3729 | D:4      | HP: 1/24 [lemure[Pikel] (8)]
  3745 | D:4      | HP: 1/24 [lemure[Pikel] (8)]
  3749 | D:4      | Slain by a lemure

Illustrated notes

Levels and vault maps discovered:
D:1:      eino_arrival_druids_welcome, layout_rooms,
          ebering_ecumenical_altar_webs, minmay_unequal
D:2:      layout_basic, minivault_5, uniq_jessica
D:3:      layout_basic, gammafunk_ghost_split, small_statue_intersection,
          uniq_sigmund
D:4:      layout_basic, serial_shops, shop, chequers_serial_rivers_micro_b,
          amcnicky_mini_corridor_feature, minmay_crossroads, uniq_pikel

Skill      XL: |  1  2  3  4 |
---------------+-------------+-----
Dodging        | 3 |  3.2
Stealth        | 3 |  3.3
Spellcasting   | 4 |  4.4
Fire Magic     | 4 |  4.1
Conjurations   | |  1.9

Action                   |  1- 3 |  4- 6 || total
-------------------------+-------+-------++-------
Melee: Unarmed           |    11 |     5 ||    16
 Cast: Foxfire           |    67 |    32 ||    99
       Scorch            |     4 |     4 ||     8
       Inner Flame       |       |     2 ||     2
       Flame Wave        |       |     2 ||     2
  Use: Scroll            |     3 |     3 ||     6
       Potion            |       |     2 ||     2
Armor: Robe              |     8 |    14 ||    22
Dodge: Dodged            |    43 |    71 ||   114
